 Dungeon Crawl Stone Soup version 0.21.1-1-g345015fe64 (webtiles) character file.

128 Peloso the Skirmisher (level 4, -1/35 HPs)
             Began as a Demonspawn Fighter on May 12, 2018.
             Slain by a worm (5 damage)
             ... on level 2 of the Dungeon.
             The game lasted 00:03:21 (1361 turns).

Peloso the Skirmisher (Demonspawn Fighter)          Turns: 1361, Time: 00:03:22

Health: -1/35      AC:  9    Str: 17    XL:     4   Next: 87%
Magic:  4/4        EV:  7    Int:  9    God:
Gold:   148        SH:  9    Dex: 13    Spells: 3/3 levels left

rFire    x . .     SeeInvis .   a - +0 long sword
rCold    + . .     Gourm    .   c - +0 shield
rNeg     . . .     Faith    .   b - +0 chain mail
rPois    .         Spirit   .   (no helmet)
rElec    .         Reflect  .   (no cloak)
rCorr    .         Harm     .   (no gloves)
MR       .....     Rnd*Tele +   (no boots)
Stlth    ..........             (no amulet)
HPRegen  0.11/turn              h - ring of teleportation (curse)
MPRegen  0.09/turn              p - ring of ice

@: no status effects
A: repulsion field 1, powered by death 1
a: no special abilities


You were on level 2 of the Dungeon.
You were not hungry.

You visited 1 branch of the dungeon, and saw 3 of its levels.

You collected 148 gold pieces.

Inventory:

Hand Weapons
 a - a +0 long sword (weapon)
Armour
 b - a +0 chain mail (worn)
 c - a +0 shield (worn)
Jewellery
 h - a cursed ring of teleportation (left hand)
 o - a +3 ring of intelligence
 p - a ring of ice (right hand)
Scrolls
 e - a scroll of amnesia {unknown}
 i - a scroll of enchant weapon {unknown}
 j - a scroll of identify {unknown}
 n - a scroll of teleportation {unknown}
Potions
 d - a potion of might
 k - a potion of flight {unknown}
 l - a potion of cancellation {unknown}
 m - a potion of curing {unknown}
Comestibles
 f - 3 rations
 g - 2 chunks of flesh


   Skills:
 + Level 3.5 Fighting
 + Level 3.1 Long Blades
 + Level 3.3 Armour
 + Level 0.7 Dodging
 + Level 3.3 Shields


You had 3 spell levels left.
You didn't know any spells.

Dungeon Overview and Level Annotations

Branches:
Dungeon (3/15)

Altars:


Innate Abilities, Weirdness & Mutations

You are surrounded by a mild repulsion field. (EV +2)
You regenerate a little health from kills.


Message History

There are monsters nearby!
There are monsters nearby!
You hit the giant cockroach.
The giant cockroach is almost dead.
The giant cockroach bites you but does no damage.
The giant cockroach barely misses you.
You hit the giant cockroach.
You kill the giant cockroach!
The worm bites you.
You hit the worm but do no damage. The worm barely misses you.
Your chain mail prevents you from hitting the worm.
You barely miss the worm. The worm bites you.
You hit the worm.
The worm is moderately wounded.
The worm bites you!
* * * LOW HITPOINT WARNING * * *
You hit the worm.
The worm is heavily wounded.
The worm bites you.
You die...

#>(.................†.
#.#.#.############..)#
#[#.#.# # #.........#
#........ +..........
#####.#.####........##
.............#.### #
#.#.#....#..#.#
#.###.#.#.##.#.##.#
#.>.w@..#<##......#
####.####.####.####
#......# #.# ########
#.# #.# #.# #.# +#


You could see a worm.

Vanquished Creatures
  Natasha (D:2)
  4 adders
  3 dart slugs (D:1)
  2 leopard geckos (D:2)
  4 orcs
  2 giant cockroaches
  5 goblins (D:1)
  8 hobgoblins
  2 jackals (D:2)
  6 kobolds
  2 quokkas
  A ball python (D:1)
  5 bats
  4 frilled lizards
  5 rats
54 creatures vanquished.

Notes
Turn   | Place    | Note
-------+----------+-------------------------------------------
     0 | D:1      | Peloso the Demonspawn Fighter began the quest for the Orb.
     0 | D:1      | Reached XP level 1. HP: 18/18 MP: 1/1
    63 | D:1      | Gained mutation: You regenerate a little health from kills. [demonic ancestry]
    63 | D:1      | Reached XP level 2. HP: 16/24 MP: 2/2
   343 | D:1      | Reached XP level 3. HP: 27/29 MP: 3/3
  1053 | D:2      | You fall through a shaft!
  1103 | D:3      | Gained mutation: You are surrounded by a mild repulsion field. (EV +2) [demonic ancestry]
  1103 | D:3      | Reached XP level 4. HP: 24/35 MP: 4/4
  1332 | D:2      | Noticed Natasha
  1342 | D:2      | Killed Natasha
  1361 | D:2      | Slain by a worm

Skill      XL: |  1  2  3  4 |
---------------+-------------+-----
Long Blades    | 2 3 |  3.1
Armour         | 3 |  3.3
Shields        | 3 |  3.3
Fighting       | |  3.5
Dodging        | |  0.7

Action                   |  1- 3 |  4- 6 || total
-------------------------+-------+-------++-------
Melee: Long sword        |   135 |    48 ||   183
  Use: Potion            |     1 |       ||     1
  Eat: Chunk             |       |     2 ||     2
Armor: Scale mail        |    89 |    13 ||   102
       Chain mail        |       |    17 ||    17
Dodge: Dodged            |    55 |    22 ||    77
Block: Shield            |    85 |    17 ||   102
       Rpst.: Long sword |    18 |     4 ||    22
